 Dungeon Crawl Stone Soup version 0.17.0-28-g6e173f8 (webtiles) character file.

32 PossumBlood the Conjurer (level 3, -2/21 HPs)
             Began as an Octopode Wizard on Dec 2, 2015.
             Slain by Crazy Yiuf
             ... wielding a +3 quarterstaff of chaos
              (6 damage)
             ... on level 2 of the Dungeon.
             The game lasted 00:05:29 (1702 turns).

PossumBlood the Conjurer (Octopode Wizard)          Turns: 1702, Time: 00:05:31

Health: -2/21      AC:  1    Str:  6    XL:     3   Next: 25%
Magic:  4/7        EV: 12    Int: 21    God:
Gold:   60         SH:  0    Dex: 10    Spells: 2 memorised, 5 levels left

rFire  . . .     SeeInvis .     d - +0 dagger
rCold  . . .     Clarity  .     (no shield)
rNeg   . . .     SustAt   .     a - +0 hat
rPois  .         Gourm    .     (no amulet)
rElec  .         Spirit   .     (no ring)
rCorr  .         Warding  .     (no ring)
rMut   .         Stasis   .     (no ring)
MR     .....                    (no ring)
Stlth  +++.......               (no ring)
                                (no ring)
                                (no ring)
                                (no ring)

@: drained, not resistant to hostile enchantments, fairly stealthy
A: almost no armour, amphibious, 8 rings, constrict 8, camouflage 1, gelatinous
body 1
a: no special abilities


You were on level 2 of the Dungeon.
You were not hungry.

You visited 1 branch of the dungeon, and saw 2 of its levels.

You collected 60 gold pieces.

Inventory:

Hand Weapons
 d - a +0 dagger (weapon)
Armour
 a - a +0 hat (worn)
Jewellery
 g - a cursed ring of teleportation {unknown}
Scrolls
 c - a scroll of noise {unknown}
 e - 2 scrolls of identify
 f - a scroll of teleportation
Books
 b - a book of Minor Magic

   Spells                             Type                      Level
   a - Magic Dart                     Conjuration                  1
   b - Blink                          Translocation                2
   c - Call Imp                       Summoning                    2
   d - Repel Missiles                 Charms/Air                   2
   e - Slow                           Hexes                        2
   f - Conjure Flame                  Conjuration/Fire             3
   g - Mephitic Cloud                 Conjuration/Poison/Air       3


   Skills:
 - Level 2.0(1.6) Dodging
 - Level 2.6(2.3) Stealth
 - Level 3.0(2.6) Spellcasting
 + Level 3.1(2.7) Conjurations
   Level 1.0(0.6) Summonings
 - Level 1.0(0.6) Translocations


You had 5 spell levels left.
You knew the following spells:

 Your Spells              Type           Power        Failure   Level  Hunger
a - Magic Dart            Conj           ##..         6%          1    None
b - Blink                 Tloc           N/A          17%         2    ##.....


Dungeon Overview and Level Annotations

Branches:
Dungeon (2/15)

Altars:

Annotations:
D:2 Crazy Yiuf


Innate Abilities, Weirdness & Mutations

You cannot wear most types of armour.
You are amphibious.
You can wear up to eight rings at the same time.
You can use your tentacles to constrict eight enemies at once.
Your skin changes colour to match your surroundings (Stealth).
Your rubbery body absorbs attacks (AC +1).


Message History

You hit Crazy Yiuf but do no damage. Your grab misses Crazy Yiuf.
You squeeze Crazy Yiuf.
Crazy Yiuf is moderately wounded.
Crazy Yiuf hits you with a quarterstaff of chaos.
You hit Crazy Yiuf but do no damage. You grab Crazy Yiuf.
Crazy Yiuf is moderately wounded.
You constrict Crazy Yiuf.
Crazy Yiuf whimpers, "Hah!
Flower high mobile."
Crazy Yiuf closely misses you.
You hit Crazy Yiuf.
Crazy Yiuf is moderately wounded.
You constrict Crazy Yiuf. You hit Crazy Yiuf but do no damage.
You squeeze Crazy Yiuf.
Crazy Yiuf is heavily wounded.
You constrict Crazy Yiuf.
Crazy Yiuf hits you with a quarterstaff of chaos!
Ouch! That really hurt!
* * * LOW HITPOINT WARNING * * *
You feel drained.
You die...

##....####
#. #+..+#
#. ♣....♣
#. ♣♣...♣
#. ♣♣.♣♣
#. ♣♣.♣ #.
♣.♣♣ #.
♣♣.♣ #.
♣@♣♣ #.
#g# ...
#...#
#)..#
#####


You could see Crazy Yiuf.

Vanquished Creatures
  A worm (D:2)
  A bat (D:2)
  2 giant cockroaches (D:1)
  4 goblins
  A hobgoblin (D:1)
  4 jackals (D:1)
  2 kobolds (D:1)
  A ball python (D:1)
  2 giant geckos (D:1)
  6 giant newts (D:1)
  5 rats
29 creatures vanquished.

Notes
Turn   | Place    | Note
--------------------------------------------------------------
     0 | D:1      | PossumBlood the Octopode Wizard began the quest for the Orb.
     0 | D:1      | Reached XP level 1. HP: 11/11 MP: 4/4
   511 | D:1      | Reached XP level 2. HP: 17/17 MP: 4/6
  1400 | D:1      | Reached XP level 3. HP: 21/21 MP: 4/7
  1404 | D:1      | Learned a level 2 spell: Blink
  1695 | D:2      | Noticed Crazy Yiuf
  1702 | D:2      | Slain by Crazy Yiuf

Action                   || total
-------------------------++-------
Melee: Dagger            ||    21
 Cast: Magic Dart        ||    67
  Use: Scroll            ||     2
       Potion            ||     1
  Eat: Bread ration      ||     1
